 Dungeon Crawl Stone Soup version 0.13-a0-2474-g552a472 (webtiles) character file.

5903 Rycklaryybbe the Covert (level 10, -11/50 HPs)
             Began as a Deep Elf Enchanter on July 18, 2013.
             Was an Initiate of Ashenzari.
             Mangled by a hill giant
             ... wielding a +0,+0 great mace
              (31 damage)
             ... on Level 10 of the Dungeon.
             The game lasted 01:06:55 (12994 turns).

Rycklaryybbe the Covert (Deep Elf Enchanter)       Turns: 12994, Time: 01:06:55

HP -11/50        AC 13     Str  8      XL: 10   Next: 37%
MP  15/28        EV 14     Int 21      God: Ashenzari [......]
Gold 603         SH  0     Dex 15      Spells:  8 memorised,  5 levels left

Res.Fire  : . . .   See Invis. : .   a - +1,+2 orc dagger (protect)
Res.Cold  : + . .   Warding    : .   h - +2 elf robe
Life Prot.: . . .   Conserve   : .   (no shield)
Res.Poison: .       Res.Corr.  : .   (no helmet)
Res.Elec. : .       Clarity    : .   C - +0 cloak (curse)
Sust.Abil.: . .     Spirit.Shd : .   (no gloves)
Res.Mut.  : .       Stasis     : .   j - +2 pair of boots
Res.Rott. : .       Flight     : .   z - amulet of inaccuracy
Saprovore : . . .                    y - cursed ring of protection from cold
                                     Q - ring of teleport control

@: quite resistant to hostile enchantments, extremely stealthy
A: magic resistance 1
a: Renounce Religion, Evoke Teleport Control


You were on level 10 of the Dungeon.
You worshipped Ashenzari.
Ashenzari was pleased with you.
You were not hungry.

You visited 2 branches of the dungeon, and saw 11 of its levels.

You collected 583 gold pieces.

Inventory:

Hand weapons
 a - a +1,+2 orcish dagger of protection (weapon)
 b - a +2,+3 dagger of pain
 I - a +2 elven blowgun
 J - a +1,+2 elven dagger {=f}
Missiles
 k - 10 darts (quivered)
 T - 9 poisoned needles
Armour
 h - a +2 elven robe (worn)
 j - a +2 pair of boots (worn)
 C - a cursed +0 cloak (worn)
Magical devices
 d - a wand of slowing (14) {unknown}
 n - a wand of digging (18)
 u - a wand of cold (4)
 w - a wand of digging (1)
 A - a wand of lightning (8)
 H - a wand of cold (0)
 V - a wand of disintegration (19)
Comestibles
 f - 2 bread rations
Scrolls
 g - 5 scrolls of teleportation
 l - a scroll of curse jewellery
 o - a scroll of enchant weapon III {unknown}
 p - 8 scrolls of identify
 r - 2 scrolls of blinking
 v - a scroll of enchant armour
 G - a scroll of amnesia {unknown}
 K - 2 scrolls of random uselessness {unknown}
 U - a scroll of noise {unknown}
 X - a scroll of remove curse
Jewellery
 m - an uncursed amulet of resist corrosion {unknown}
 x - an uncursed ring of wizardry
 y - a cursed ring of protection from cold (right hand)
 z - an amulet of inaccuracy (around neck)
 N - an uncursed ring of invisibility
 Q - a ring of teleport control (left hand)
 R - an uncursed ring of regeneration
Potions
 e - 2 potions of speed
 i - a potion of resistance {unknown}
 q - 2 potions of brilliance
 s - a potion of poison {unknown}
 t - a potion of might
 B - a potion of agility
 E - 3 potions of curing
 O - a potion of slowing
 P - a potion of berserk rage {unknown}
Books
 c - a book of Maledictions

   Spells                             Type                      Level
   *Corona                            Hexes                        1
   *Sure Blade                        Hexes/Charms                 2
   *Ensorcelled Hibernation           Hexes/Ice                    2
   *Confuse                           Hexes                        3
   *Enslavement                       Hexes                        4
   Invisibility                       Hexes                        6
 D - a book of Party Tricks

   Spells                             Type                      Level
   Summon Butterflies                 Summoning                    1
   *Apportation                       Translocation                1
   *Blink                             Translocation                2
   Alistair's Intoxication            Transmutation/Poison         4
   Tukima's Dance                     Hexes                        5
 W - a book of Alchemy

   Spells                             Type                      Level
   Lethal Infusion                    Charms/Necromancy            2
   *Sublimation of Blood              Necromancy                   2
   Condensation Shield                Ice                          4
   Alistair's Intoxication            Transmutation/Poison         4
   Petrify                            Transmutation/Earth          4
   Ignite Poison                      Fire/Transmutation           5
 Y - a book of Enchantments

   Spells                             Type                      Level
   Cause Fear                         Hexes                        4
   Silence                            Hexes/Air                    5
   Tukima's Dance                     Hexes                        5
   Deflect Missiles                   Charms/Air                   6
   Haste                              Charms                       6
   Discord                            Hexes                        8
Miscellaneous
 M - an ornate deck of war {drawn: 4}
 S - a lantern of shadows
Rods
 F - a +2 rod of the swarm (14/14)
   (You found it on level 5 of the Dungeon)


   Skills:
 - Level 1.0 Short Blades
 - Level 1.1 Throwing
 - Level 3.8 Dodging
 * Level 14.4 Stealth
 - Level 6.9 Spellcasting
 * Level 10.2 Hexes
 + Level 5.0 Necromancy
 - Level 1.0 Ice Magic


You had 5 spell levels left.
You knew the following spells:

 Your Spells              Type           Power        Failure   Level  Hunger
a - Corona                Hex            ######.      1%          1    None
b - Ensorcelled Hibernat  Hex/Ice        ####..       1%          2    None
c - Confuse               Hex            ######..     1%          3    #......
d - Enslavement           Hex            ######..     1%          4    ###....
e - Sure Blade            Hex/Chrm       ####......   1%          2    None
f - Sublimation of Blood  Necr           ####......   1%          2    None
g - Blink                 Tloc           N/A          14%         2    None
h - Apportation           Tloc           #.........   12%         1    None


Dungeon Overview and Level Annotations

Branches:
Dungeon (10/27)            Temple (1/1) D:7            Lair (0/8) D:8
    Orc: D:6-11

Altars:
Ashenzari
Cheibriados
Elyvilon
Fedhas
Kikubaaqudgha
Makhleb
Nemelex Xobeh
Okawaru
Sif Muna
Trog
Vehumet
Xom
Yredelemnul
Zin
the Shining One

Shops:
D:4: } D:10: }

Portals:
Ziggurat: D:6 (3630 gp)


Innate Abilities, Weirdness & Mutations

You are resistant to hostile enchantments.


Message History

Press: ? - help, Shift-Dir - straight line, f/p - hill giant
Aim: a hill giant, wielding a great mace (bewildered and confused)
The hill giant easily resists.
Casting: Ensorcelled Hibernation
Confirm with . or Enter, or press ? or * to list all spells.
Aiming: Ensorcelled Hibernation
Press: ? - help, Shift-Dir - straight line, f/p - hill giant
Aim: a hill giant, wielding a great mace (bewildered and confused)
The hill giant looks drowsy...
The hill giant seems less confused.
The hill giant barely misses you.
You hit the hill giant but do no damage.
Casting: Ensorcelled Hibernation
Confirm with . or Enter, or press ? or * to list all spells.
Aiming: Confuse
Press: ? - help, Shift-Dir - straight line, f/p - hill giant
Aim: a hill giant, wielding a great mace The hill giant easily resists.
The hill giant hits you with a great mace!
Ouch! That really hurt!
You die...

#.#.# #.#.....#
#.#.# #.#######
#.#.# #.# #...#
#####.# #####
#.....# #.#####
#.#
#.###########.#
#..@C.........#
#############.#


You could see a hill giant.

Vanquished Creatures
  Pikel (D:7)
  2 hill giants (D:10)
  A fire drake (D:8)
  2 hippogriffs
  A manticore (D:8)
  A necrophage (D:6)
  4 slaves
  2 ice beasts
  An orc warrior (D:6)
  3 centaurs
  4 ogres
  5 giant frogs
  A big kobold (D:10)
  A gnoll sergeant (D:6)
  A cyclops zombie (D:9)
  An eye of draining (D:10)
  A hippogriff zombie (D:6)
  3 wights (D:9)
  A goliath beetle (D:10)
  A quasit (D:9)
  5 crimson imps
  3 orc wizards
  3 hounds
  9 worker ants
  3 orc priests
  4 scorpions
  2 iguanas
  Ijyb (D:3)
  Jessica (D:3)
  10 gnolls
  16 adders
  A giant centipede (D:10)
  7 worms
  An adder zombie (D:6)
  2 giant eyeballs (D:4)
  8 giant geckos
  25 orcs
  19 bats
  13 goblins
  13 hobgoblins
  6 quokkas
  6 giant cockroaches
  A giant gecko skeleton (D:5)
  3 giant newts
  A giant spore (D:7)
  A hobgoblin zombie (D:6)
  14 jackals
  19 kobolds
  A quokka zombie (D:9)
  16 rats
  7 ballistomycetes
258 creatures vanquished.

Vanquished Creatures (collateral kills)
  An ogre (D:10)
  An adder (D:9)
  A giant eyeball (D:9)
  A giant gecko (D:5)
  A bat (D:10)
  A hobgoblin (D:5)
6 creatures vanquished.

Vanquished Creatures (others)
  A giant spore (D:9)
  2 ballistomycetes
3 creatures vanquished.

Grand Total: 267 creatures vanquished

Notes
Turn   | Place    | Note
--------------------------------------------------------------
     0 | D:1      | Rycklaryybbe, the Deep Elf Enchanter, began the quest for the Orb.
     0 | D:1      | Reached XP level 1. HP: 10/10 MP: 4/4
   196 | D:1      | Reached XP level 2. HP: 15/15 MP: 6/6
   200 | D:1      | Learned a level 2 spell: Ensorcelled Hibernation
   777 | D:2      | Reached XP level 3. HP: 19/19 MP: 0/9
  1078 | D:2      | Reached skill level 5 in Stealth
  1078 | D:2      | Reached skill level 1 in Ice Magic
  1189 | D:2      | Reached XP level 4. HP: 15/24 MP: 7/11
  2119 | D:2      | Learned a level 3 spell: Confuse
  2123 | D:3      | Reached skill level 6 in Stealth
  2227 | D:3      | Found a shimmering altar of Xom.
  2360 | D:3      | Reached XP level 5. HP: 28/28 MP: 13/13
  2442 | D:3      | Found a basalt altar of Yredelemnul.
  2443 | D:3      | Found a white marble altar of Elyvilon.
  2607 | D:3      | Noticed Ijyb
  2616 | D:3      | Killed Ijyb
  3047 | D:3      | Noticed Jessica
  3052 | D:3      | Killed Jessica
  3052 | D:3      | Reached skill level 7 in Stealth
  3616 | D:4      | Noticed an ogre
  3659 | D:4      | Killed an ogre
  3659 | D:4      | Reached XP level 6. HP: 10/32 MP: 8/17
  4002 | D:4      | Reached skill level 8 in Stealth
  4101 | D:4      | Found Sausuor's Gadget Shoppe.
  4365 | D:4      | Paralysed by a giant eyeball for 3 turns
  4371 | D:4      | Paralysed by a giant eyeball for 2 turns
  4690 | D:5      | Entered Level 5 of the Dungeon
  4702 | D:5      | Learned a level 4 spell: Enslavement
  4740 | D:5      | Reached skill level 9 in Stealth
  4790 | D:5      | Identified a +2 rod of the swarm (14/14) (You found it on level 5 of the Dungeon)
  4997 | D:5      | Reached XP level 7. HP: 36/36 MP: 17/20
  5511 | D:5      | Got a steaming chain mail
  5523 | D:5      | Identified the +6 chain mail "Kuhev" {rC+ SInv} (You found it on level 5 of the Dungeon)
  6047 | D:6      | Reached skill level 10 in Stealth
  6635 | D:6      | Found a gateway to a ziggurat.
  6819 | D:6      | Reached skill level 11 in Stealth
  6903 | D:6      | Reached XP level 8. HP: 33/41 MP: 17/22
  7116 | D:6      | Learned a level 2 spell: Sure Blade
  7298 | D:6      | Reached skill level 12 in Stealth
  7916 | D:7      | Noticed Pikel
  7920 | D:7      | Reached skill level 5 in Spellcasting
  8055 | D:7      | Killed Pikel
  8055 | D:7      | Reached skill level 5 in Hexes
  8055 | D:7      | Reached XP level 9. HP: 27/45 MP: 3/26
  8292 | D:7      | Reached skill level 13 in Stealth
  8723 | D:7      | Found a staircase to the Ecumenical Temple.
  8729 | Temple   | Entered the Ecumenical Temple
  8845 | Temple   | Became a worshipper of Ashenzari the Shackled
  8851 | Temple   | Gained mutation: You are resistant to hostile enchantments. [potion of beneficial mutation]
  9149 | D:3      | Learned a level 2 spell: Sublimation of Blood
  9677 | D:8      | Reached skill level 1 in Necromancy
  9801 | D:8      | Learned a level 2 spell: Blink
  9803 | D:8      | Learned a level 1 spell: Apportation
  9936 | D:8      | Found a staircase to the Lair.
  9947 | D:8      | Noticed a fire drake
  9984 | D:8      | Killed a fire drake
 11650 | D:9      | Paralysed by a giant eyeball for 3 turns
 11659 | D:9      | Paralysed by a giant eyeball for 4 turns
 11730 | D:10     | Entered Level 10 of the Dungeon
 11734 | D:10     | Found Chextiv's Gadget Shoppe.
 11750 | D:10     | Reached XP level 10. HP: 22/50 MP: 25/28
 11900 | D:10     | Noticed a hill giant
 11907 | D:10     | Killed a hill giant
 11907 | D:10     | Reached skill level 14 in Stealth
 12321 | D:10     | Noticed a hill giant
 12331 | D:10     | Killed a hill giant
 12331 | D:10     | Reached skill level 10 in Hexes
 12632 | D:10     | Reached skill level 5 in Necromancy
 12973 | D:10     | Noticed a hill giant
 12994 | D:10     | Mangled by a hill giant

Action                   |  1- 3 |  4- 6 |  7- 9 | 10-12 || total
-------------------------+-------+-------+-------+-------++-------
Melee: Dagger            |    97 |   159 |   402 |    47 ||   705
       Unarmed           |       |       |     4 |       ||     4
Throw: Dart              |    13 |    12 |     2 |       ||    27
 Cast: Corona            |    17 |    25 |     5 |       ||    47
       Ensorcelled Hiber |    17 |    77 |   130 |     7 ||   231
       Confuse           |       |       |    83 |    10 ||    93
       Enslavement       |       |       |     1 |       ||     1
       Sure Blade        |       |       |     6 |     4 ||    10
 Abil: End Transformatio |       |       |     1 |       ||     1
Evoke: Rod               |       |     1 |       |       ||     1
       Wand              |       |       |    11 |     6 ||    17
       Deck              |       |       |     4 |       ||     4
  Use: Scroll            |       |    10 |    12 |       ||    22
       Potion            |       |       |     4 |       ||     4
 Stab: Sleeping          |    19 |    60 |    69 |    12 ||   160
       Distracted        |       |     1 |     1 |       ||     2
       Confused          |       |       |    26 |       ||    26
